 Dungeon Crawl Stone Soup version 0.16-a0-1348-g01787a8 (webtiles) character file.

1308 Psiweapon the Ducker (level 8, -8/68 HPs)
             Began as a Yellow Draconian Fighter on Oct 18, 2014.
             Killed from afar by Dowan (19 damage)
             ... with a shard of ice
             ... on level 5 of the Dungeon.
             The game lasted 00:26:07 (5494 turns).

Psiweapon the Ducker (Yellow Draconian Fighter)     Turns: 5494, Time: 00:26:07

Health: -8/68      AC:  8    Str: 19    XL:     8   Next: 32%
Magic:  8/8        EV: 13    Int: 10    God:
Gold:   277        SH: 10    Dex: 11    Spells: 0 memorised, 7 levels left

rFire  . . .     SeeInvis .     a - +0 flail
rCold  . . .     Clarity  .     (armour unavailable)
rNeg   . . .     SustAb   .     c - +0 shield
rPois  .         Gourm    +     (helmet restricted)
rElec  .         Spirit   .     (no cloak)
rCorr  +         Warding  .     b - +0 pair of gloves
rMut   .         Stasis   .     s - +0 pair of boots
MR     .....                    m - amulet of the gourmand
Stlth  +.........               p - ring of stealth
                                y - ring of teleport control

@: short of breath, glowing, not resistant to hostile enchantments, very
unstealthy
A: spit acid, acid resistance, unfitting armour, cold-blooded, AC +6
a: Spit Acid, Evoke Teleport Control


You were on level 5 of the Dungeon.
You were very full.

You visited 1 branch of the dungeon, and saw 5 of its levels.

You collected 277 gold pieces.

Inventory:

Hand weapons
 a - a +0 flail (weapon)
 w - a +0 long sword
Missiles
 i - 17 bolts
 l - 26 poisoned needles
Armour
 b - a +0 pair of gloves (worn)
 c - a +0 shield (worn)
 d - a +0 pair of boots
 s - a +0 pair of boots (worn)
Jewellery
 h - an uncursed ring of magical power
 m - an amulet of the gourmand (around neck)
 p - a ring of stealth (right hand)
 y - a ring of teleport control (left hand)
Magical devices
 n - a wand of slowing (35)
Scrolls
 g - a scroll of teleportation
 j - 4 scrolls of identify
Potions
 e - a potion of heal wounds {unknown}
 v - a potion of flight
 z - a potion of cancellation {unknown}
Books
 B - a book of Power

   Spells                             Type                      Level
   Fulminant Prism                    Conjuration/Hexes            4
   Iskenderun's Mystic Blast          Conjuration                  4
   Venom Bolt                         Conjuration/Poison           5
   Bolt of Magma                      Conjuration/Fire/Earth       5
   Iron Shot                          Conjuration/Earth            6
   Orb of Destruction                 Conjuration                  7
Comestibles
 f - 3 bread rations
 k - a beef jerky
 o - 4 meat rations
 q - 2 chunks of goblin flesh
 C - 4 chunks of centaur flesh


   Skills:
 + Level 5.0 Fighting
 + Level 4.7 Maces & Flails
 + Level 6.8 Dodging
 + Level 2.1 Stealth
 + Level 5.2 Shields


You had 7 spell levels left.
You didn't know any spells.

Dungeon Overview and Level Annotations

Branches:
Dungeon (5/15)
 Temple: D:4-7

Altars:
Fedhas

Annotations:
D:5 Dowan


Innate Abilities, Weirdness & Mutations

You can spit globs of acid.
You can corrode armour when you spit acid.
You are resistant to acid.
Your golden yellow scales are hard (AC +6).
Your body does not fit into most forms of armour.
Your cold-blooded metabolism reacts poorly to cold.


Message History

Aim: Dowan, wielding a dagger and wearing a robe (heavily wounded, fast)
You spit a glob of acid.
The acid misses Dowan.
You feel somewhat less full.
You closely miss Dowan.
Dowan is heavily wounded.
Dowan misses you. Dowan casts a spell at you. The stone arrow hits you!
* * * LOW HITPOINT WARNING * * *
You hit Dowan.
Your tail-slap misses Dowan.
Dowan is heavily wounded.
Dowan misses you.
Dowan gestures wildly while chanting.
Dowan blinks!
Use which ability? (? or * to list)
You can't do that.
Dowan says, "How can I live without her?"
Dowan shakes with grief.
Dowan casts a spell at you. The shard of ice hits you!
You die...

#≈≈≈*****≈≈≈*#....e*
#≈≈≈≈≈≈≈≈≈≈≈*#....,*
#≈≈≈≈≈≈≈≈≈≈≈**...,,*
#≈≈≈≈≈≈≈≈≈≈≈**#'#***
**###**###***##'###
#.####'#####..).#
#..##.....##....#
##.##.....##[...#
#.##.....##..@.#
#..#.[...###.###
#####'##'#### #)#
##.......# #.#
##.......# #e#
##.......# #.#
######+#.# #.# #
#...#
####.########** #
####..#
#............,*


You could see Dowan.

Vanquished Creatures
  The ghost of sargx the Cleaver, an experienced HOFi (D:5)
  The ghost of Ratboiler the Cudgeler, an average OgWz (D:4)
  An ogre (D:4)
  Duvessa (D:5)
  3 centaurs (D:5)
  2 hounds
  2 iguanas (D:4)
  An orc priest (D:4)
  An orc wizard (D:3)
  A worker ant (D:5)
  3 gnolls (D:4)
  8 adders
  2 worms
  3 giant geckos
  2 oozes
  4 orcs
  5 giant cockroaches
  12 goblins
  16 hobgoblins
  10 jackals
  6 kobolds
  4 quokkas
  A ball python (D:1)
  12 bats
  7 giant newts
  A kobold skeleton (D:4)
  12 rats
  A rat skeleton (D:5)
123 creatures vanquished.

Notes
Turn   | Place    | Note
--------------------------------------------------------------
     0 | D:1      | Psiweapon, the Draconian Fighter, began the quest for the Orb.
     0 | D:1      | Reached XP level 1. HP: 19/19 MP: 1/1
     2 | D:1      | Upgraded the game from 0.16-a0-1340-g52d2f03 to 0.16-a0-1348-g01787a8
   334 | D:1      | Reached XP level 2. HP: 24/26 MP: 2/2
  1097 | D:1      | Reached XP level 3. HP: 31/31 MP: 3/3
  1610 | D:2      | Reached XP level 4. HP: 38/38 MP: 4/4
  2268 | D:3      | Reached skill level 4 in Dodging
  2860 | D:3      | Reached XP level 5. HP: 37/46 MP: 5/5
  3587 | D:5      | Entered Level 5 of the Dungeon
  3677 | D:5      | Found a blossoming altar of Fedhas.
  3913 | D:4      | Noticed Ratboiler's ghost (average OgWz)
  3924 | D:4      | Killed Ratboiler's ghost
  3924 | D:4      | Reached skill level 5 in Dodging
  3924 | D:4      | Reached skill level 1 in Stealth
  3924 | D:4      | Reached XP level 6. HP: 27/52 MP: 6/6
  3925 | D:4      | Noticed an ogre
  3932 | D:4      | Killed an ogre
  4293 | D:4      | Your scales start taking on a golden yellow colour.
  4293 | D:4      | Reached XP level 7. HP: 57/59 MP: 7/7
  5008 | D:5      | Noticed sargx's ghost (experienced HOFi)
  5012 | D:5      | Noticed a centaur
  5019 | D:5      | Killed a centaur
  5022 | D:5      | Killed sargx's ghost
  5022 | D:5      | Reached skill level 6 in Dodging
  5022 | D:5      | Reached skill level 5 in Shields
  5022 | D:5      | Reached XP level 8. HP: 23/67 MP: 8/8
  5033 | D:5      | Noticed a centaur
  5040 | D:5      | Killed a centaur
  5303 | D:5      | Noticed a centaur
  5313 | D:5      | Reached skill level 5 in Fighting
  5324 | D:5      | Killed a centaur
  5448 | D:5      | Noticed Duvessa
  5452 | D:5      | Noticed Dowan
  5475 | D:5      | Killed Duvessa
  5494 | D:5      | Killed from afar by Dowan

Action                   |  1- 3 |  4- 6 |  7- 9 || total
-------------------------+-------+-------+-------++-------
Melee: Flail             |   132 |   194 |    99 ||   425
 Abil: Spit Acid         |       |       |    14 ||    14
  Use: Scroll            |       |     4 |     5 ||     9
       Potion            |       |     3 |     2 ||     5
 Stab: Sleeping          |     1 |     1 |       ||     2
       Distracted        |       |     1 |       ||     1
  Eat: Chunk             |    17 |     9 |     6 ||    32
